 Dungeon Crawl Stone Soup version 0.30-a0-782-ge64f9170bb (webtiles) character file.

Game seed: 15713463837741347007

47309 ak47sunrisetnf the Severer (level 14, -6/127 HPs)
             Began as a Minotaur Fighter on Mar 11, 2023.
             Was an Initiate of Gozag.
             Mangled by an ettin
             ... wielding a +0 dire flail
              (33 damage)
             ... on level 15 of the Dungeon on Mar 13, 2023.
             The game lasted 01:23:33 (18955 turns).

ak47sunrisetnf the Severer (Minotaur Fighter)      Turns: 18955, Time: 01:23:34

Health: -6/127     AC: 24    Str: 30      XL:     14   Next: 8%
Magic:  13/13      EV: 13    Int:  6 (7)  God:    Gozag
Gold:   2135       SH: 19    Dex: 15      Spells: 13/13 levels left

rFire   + . .      SeeInvis .    I - +11 morningstar of Moderation {freeze, +Blink Int+2 Dex+3}
rCold   + . .      Faith    .    p - +0 tower shield
rNeg    + + .      Spirit   .    A - +3 plate armour {rN+}
rPois   +          Reflect  .    v - -2 hat of the Alchemist {rElec rPois rF+ rC+ rN+ Will+ rMut rCorr}
rElec   +          Harm     .    B - +0 cloak
rCorr   +          Rampage  .    y - +2 pair of gloves
rMut    +                        c - +0 pair of boots
Will    ++...                    m - amulet of magic regeneration Stlth
                                 H - +5 ring of evasion
HPRegen 0.41/turn                K - +6 ring of strength
MPRegen 0.53/turn

@: studying Armour, invisible
A: horns 2, retaliatory headbutt
a: Renounce Religion, Evoke Blink, Potion Petition, Call Merchant, Bribe Branch


You were on level 15 of the Dungeon.
You worshipped Gozag.
Gozag was most pleased with you.
You visited 5 branches of the dungeon, and saw 19 of its levels.

You collected 4310 gold pieces.
You spent 2056 gold pieces at shops.
You paid 119 gold pieces to Gozag.

Inventory:

Hand Weapons
 a - a +5 war axe of flaming
 g - the +3 war axe of Figa Pui {flame, rPois rF+ MP+9 Dex+3}
   (You acquired it on level 4 of the Dungeon)

   Dex:       It affects your dexterity (+3).
   rF:        It protects you from fire.
   rPois:     It protects you from poison.
   MP:        It affects your magic capacity (+9).
 I - the +11 morningstar of Moderation (weapon) {freeze, +Blink Int+2 Dex+3}
   (You found it on level 13 of the Dungeon)

   Int:       It affects your intelligence (+2).
   Dex:       It affects your dexterity (+3).
   +Blink:    It lets you blink.
Missiles
 q - a throwing net
Armour
 c - a +0 pair of boots (worn)
 h - a +2 hat
 p - a +0 tower shield (worn)
 v - the -2 hat of the Alchemist (worn) {rElec rPois rF+ rC+ rN+ Will+ rMut rCorr}
   (You bought it in a shop on level 1 of the Orcish Mines)

   rF:        It protects you from fire.
   rC:        It protects you from cold.
   rElec:     It insulates you from electricity.
   rPois:     It protects you from poison.
   rN:        It protects you from negative energy.
   rCorr:     It protects you from acid and corrosion.
   rMut:      It protects you from mutation.
   Will:      It increases your willpower.
 x - a +0 plate armour
 y - a +2 pair of gloves (worn)
 A - a +3 plate armour of positive energy (worn)
 B - a +0 cloak (worn)
 D - the +3 chain mail of Suunn {rPois Str+4}
   (You bought it in a shop on level 5 of the Dungeon)

   Str:       It affects your strength (+4).
   rPois:     It protects you from poison.
Jewellery
 b - a ring of wizardry
 d - a ring of flight
 m - an amulet of magic regeneration (around neck)
 o - a ring of resist corrosion
 G - a ring of wizardry
 H - a +5 ring of evasion (left hand)
 K - a +6 ring of strength (right hand)
Wands
 r - a wand of paralysis (10)
 w - a wand of flame (7)
 z - a wand of polymorph (11)
Scrolls
 e - 5 scrolls of teleportation
 k - 3 scrolls of magic mapping
 l - 4 scrolls of amnesia
 s - 2 scrolls of fog
 C - 3 scrolls of immolation
 F - 7 scrolls of identify
 J - a scroll of silence
 L - 2 scrolls of summoning
 N - 2 scrolls of enchant armour {unknown}
Potions
 f - 6 potions of flight
 i - a potion of lignification
 j - a potion of curing
 n - 3 potions of attraction
 u - 2 potions of magic (quivered)
 M - a potion of resistance {unknown}


   Skills:
 + Level 12.7 Fighting
 - Level 17.3(17.6) Axes
 * Level 5.1(12.4) Maces & Flails
 + Level 15.0 Armour
 + Level 4.3 Dodging
 - Level 3.6 Stealth
 + Level 15.1 Shields
 - Level 1.0 Evocations


You had 13 spell levels left.
You didn't know any spells.
Your spell library contained the following spells:

 Spells                   Type           Power      Damage    Failure   Level
 Freeze                   Ice            0%         1d3       100%        1
 Slow                     Hex            0%         N/A       100%        1
 Cigotuvi's Dreadful Rot  Necr/Pois/Air  0%         N/A       100%        2
 Ensorcelled Hibernation  Hex/Ice        0%         N/A       100%        2
 Confusing Touch          Hex            0%         N/A       100%        3
 Frozen Ramparts          Ice            0%         1d1       100%        3
 Hailstorm                Conj/Ice       0%         3d3       100%        3
 Portal Projectile        Hex/Tloc       0%         N/A       100%        3
 Spider Form              Tmut/Pois      0%         N/A       100%        3
 Tukima's Dance           Hex            0%         N/A       100%        3
 Vampiric Draining        Necr           0%         2d6       100%        3
 Anguish                  Hex/Necr       0%         N/A       100%        4
 Dispel Undead            Necr           0%         3d6       100%        4
 Blade Hands              Tmut           0%         N/A       100%        5
 Borgnjor's Vile Clutch   Necr/Erth      0%         N/A       100%        5
 Death Channel            Necr           0%         N/A       100%        6
 Animate Dead             Necr           Unusable   N/A       N/A         4

Dungeon Overview and Level Annotations

Branches:
Dungeon (15/15)            Temple (1/1) D:4            Lair (1/5) D:10
    Orc (1/2) D:10         Vaults (0/5) D:13         Depths (1/4) D:15

Altars:
Ashenzari
Cheibriados
Dithmenos
Elyvilon
Fedhas
Gozag
Hepliaklqana
Kikubaaqudgha
Makhleb
Nemelex Xobeh
Okawaru
Qazlal
Ru
Sif Muna
Trog
Uskayaw
Vehumet
Wu Jian
Xom
Yredelemnul
Zin
The Shining One

Shops:
D:5 ?*[[   D:9 ?   D:12 :   D:13 :   Orc:1 *

Annotations:
D:14 exclusion: orange crystal statue
D:15 Roxanne, Rupert


Innate Abilities, Weirdness & Mutations

You have a pair of horns on your head.
You reflexively headbutt those who attack you in melee.


Message History

You feel much better. You block the rakshasa's attack.
You block the ettin's attack.
The ettin hits you with a +0 dire flail!!
* * * LOW HITPOINT WARNING * * *
The ice dragon bites you!
* * * LOW HITPOINT WARNING * * *
You block the ice dragon's attack.
The ice dragon tramples you but does no damage.
The ice dragon bites you but does no damage.
The ice dragon claws you.
* * * LOW HITPOINT WARNING * * *
The ice dragon tramples you but does no damage.
You fade into invisibility!
The ettin completely misses you. You block the ettin's attack.
The rakshasa hits you but does no damage.
The ice dragon bites you but does no damage.
The ice dragon claws you but does no damage.
You block the ice dragon's attack. The ice dragon barely misses you.
You block the ice dragon's attack.
The ice dragon tramples you but does no damage.
There is a staircase back to the Dungeon here.
You block the rakshasa's attack. The ettin closely misses you.
You furiously retaliate!
You headbutt the ettin! The ettin barely misses you.
The ice dragon barely misses you.
The ice dragon claws you but does no damage.
The ice dragon barely misses you.
You climb upwards.
Welcome back to the Dungeon!
The ice dragon shimmers and vanishes! x2
Level annotation: Roxanne, Rupert
There is a staircase to the Depths here.
You hit the rakshasa. You freeze the rakshasa.
The rakshasa is moderately wounded.
You block the rakshasa's attack. You block the ettin's attack.
The ettin barely misses you.
You impale the rakshasa!! You freeze the rakshasa.
The rakshasa is heavily wounded.
The injured rakshasa weaves a defensive illusion!
The ettin hits you with a +0 dire flail!!
You die...
Your body crumbles into a pile of gold.

#######.# ##.. .......####
#####.. ##8......8.##
#...... ##.....P.....##
#.###.# #........8..P.#
#.# #.. #....P......P.#
#.# #.. . #....P.....8..#
#.# #..
..##...8..C......####.#
##.
.......8.@..8.8[...#.####.
.#....8.RRR....##........
#.........8...#########.
#........8....#
#.###......8......#
.................##
#.###.#.........##
.#.###.####.......# <.. #
#.#####.#


You could see an ettin (unable to see you) and 3 rakshasas.

Vanquished Creatures
  Jorgrun (D:14)
  A broodmother (D:9)
  8 slime creatures
  An ice dragon (Depths:1)
  Fannar (Orc:1)
  2 hydras
  An ogre mage (D:13)
  5 two-headed ogres
  5 centaur warriors
  3 boulder beetles
  A dancing weapon (D:8)
  The ghost of Rueben the Thaumaturge, a novice DjNe of Yredelemnul (D:8)
  A tengu warrior (D:11)
  A fire crab (shapeshifter) (D:13)
  A skeletal warrior (D:13)
  Amaemon (D:8)
  A spark wasp zombie (D:15)
  A phantasmal warrior (D:15)
  A necromancer (D:15)
  16 ugly things
  2 deep elf pyromancers
  Pikel (D:8)
  A shadow dragon skeleton (D:15)
  5 cyclopes
  A black mamba (Lair:1)
  An orange demon (D:8)
  2 centaur skeletons (D:13)
  2 kobold demonologists
  4 yaktaurs (D:13)
  2 cane toads (Lair:1)
  An efreet (D:14)
  2 unseen horrors
  A rime drake (Lair:1)
  2 komodo dragons
  2 guardian mummies (D:15)
  3 trolls
  Grinder (D:6)
  3 meliai (D:15)
  A hornet (D:9)
  A spriggan (D:8)
  A shadow (D:12)
  2 wyverns
  A spriggan skeleton (D:15)
  A vampire (D:11)
  2 wraiths
  15 yaks
  9 vampire mosquitoes
  4 basilisks
  A human zombie (D:15)
  A warg (Orc:1)
  An acid dragon (D:7)
  A water moccasin (shapeshifter) (D:13)
  A water moccasin (D:7)
  6 orc warriors
  2 ice beasts
  3 sky beasts
  2 black bears (D:6)
  4 ogres
  13 wolves (Lair:1)
  10 centaurs
  3 kobold brigands (D:13)
  A gnoll sergeant (D:10)
  8 bullfrogs
  A necrophage (D:5)
  2 scorpions
  3 wights (D:10)
  16 killer bees
  3 howler monkeys
  3 electric eels (D:14)
  2 hounds
  4 jellies
  A gnoll bouda (D:6)
  10 orc priests
  2 iguanas
  7 orc wizards
  2 boggart skeletons (D:13)
  8 gnolls
  9 adders
  2 shadow imps
  2 white imps
  An ufetubus (D:4)
  4 dart slugs
  37 orcs
  3 endoplasms
  5 giant cockroaches
  15 goblins
  17 hobgoblins
  8 jackals (D:1)
  3 quokkas (D:2)
  3 ball pythons
  A bat (D:2)
  4 frilled lizards
  13 kobolds
  6 rats
380 creatures vanquished.

Vanquished Creatures (others)
  An orc wizard (Orc:1)
  An orc (Orc:1)
  5 fungi (Lair:1)
  2 plants
  A withered plant (D:15)
10 creatures vanquished.

Grand Total: 390 creatures vanquished

Notes
Turn   | Place    | Note
-------+----------+-------------------------------------------
     0 | D:1      | ak47sunrisetnf the Minotaur Fighter began the quest for the
                  | Orb.
     0 | D:1      | Reached XP level 1. HP: 19/19 MP: 0/0
    56 | D:1      | Found a faded altar of an unknown god.
   308 | D:1      | Reached XP level 2. HP: 21/27 MP: 1/1
   715 | D:1      | Reached XP level 3. HP: 33/33 MP: 2/2
   971 | D:2      | Reached skill level 3 in Axes
  1347 | D:2      | Reached XP level 4. HP: 41/41 MP: 3/3
  1976 | D:3      | Reached skill level 4 in Axes
  1998 | D:3      | Reached XP level 5. HP: 15/47 MP: 4/4
  3196 | D:4      | Reached skill level 1 in Dodging
  3262 | D:4      | Noticed a sky beast
  3274 | D:4      | Killed a sky beast
  3275 | D:4      | Reached skill level 5 in Axes
  3275 | D:4      | Reached XP level 6. HP: 39/55 MP: 5/5
  3348 | D:4      | Found a staircase to the Ecumenical Temple.
  3354 | Temple   | Entered the Ecumenical Temple
  3592 | D:4      | Reached skill level 5 in Fighting
  3592 | D:4      | Reached skill level 5 in Armour
  3812 | D:4      | Identified a scroll of acquirement
  3813 | D:4      | Acquired the +3 war axe of Figa Pui {flame, rPois rF+ MP+9
                  | Dex+3}
  4201 | D:5      | Entered Level 5 of the Dungeon
  4464 | D:5      | Found a stormy altar of Qazlal.
  4563 | D:5      | Reached skill level 5 in Shields
  4563 | D:5      | Reached XP level 7. HP: 56/61 MP: 6/6
  4586 | D:5      | Found Uhuim's Armour Boutique.
  4602 | D:5      | Found Maczoss's Armour Emporium.
  4749 | D:5      | Reached skill level 6 in Axes
  4870 | D:5      | Found Qyihoiq's Magic Scroll Boutique.
  4898 | D:5      | Found Unemuecs's General Store.
  4910 | D:5      | Bought a +2 pair of gloves for 231 gold pieces
  5289 | D:6      | Reached skill level 7 in Axes
  5294 | D:6      | Noticed Grinder
  5296 | D:6      | Reached XP level 8. HP: 40/70 MP: 7/7
  5349 | D:6      | Killed Grinder
  5350 | D:6      | Reached skill level 8 in Axes
  5943 | D:7      | Reached skill level 9 in Axes
  6023 | D:7      | Reached XP level 9. HP: 70/78 MP: 8/8
  6286 | D:7      | Noticed a cyclops
  6312 | D:7      | Reached skill level 10 in Axes
  6404 | D:7      | Found an opulent altar of Gozag.
  6413 | D:7      | Became a worshipper of Gozag Ym Sagoz the Greedy
  6667 | D:7      | Killed a cyclops
  6668 | D:7      | Reached skill level 11 in Axes
  6885 | D:8      | Noticed an orange demon
  6888 | D:8      | Noticed Amaemon
  6906 | D:8      | HP: 1/78 [asphyx]
  6909 | D:8      | Killed Amaemon
  7199 | D:8      | Found a runed translucent door.
  7202 | D:8      | Found a shimmering altar of Xom.
  7202 | D:8      | Noticed Rueben's ghost (novice DjNe)
  7203 | D:8      | Noticed a +2 whip of chaos
  7282 | D:8      | Reached XP level 10. HP: 79/86 MP: 9/9
  7506 | D:8      | Noticed Pikel
  7518 | D:8      | Killed Pikel
  7519 | D:8      | Reached skill level 12 in Axes
  7519 | D:8      | Reached skill level 1 in Stealth
  7698 | D:8      | Killed an orange demon
  7699 | D:8      | Reached skill level 10 in Shields
  7838 | D:8      | Acquired 931 gold pieces
  8538 | D:8      | Killed a +2 whip of chaos
  8564 | D:8      | Killed Rueben's ghost
  8971 | D:5      | Bought the +3 chain mail of Suunn {rPois Str+4} for 586
                  | gold pieces
  9242 | D:9      | Noticed a five-headed hydra
  9246 | D:9      | a five-headed hydra changed into a broodmother
  9246 | D:9      | Noticed a broodmother
  9268 | D:9      | HP: 2/88 [jumping spider[a broodmother] (9)]
  9713 | D:9      | Killed an enormous slime creature
  9714 | D:9      | Reached skill level 13 in Axes
  9714 | D:9      | Reached skill level 10 in Armour
 10150 | D:9      | Reached XP level 11. HP: 81/94 MP: 10/10
 10207 | D:9      | Found Vuvim's Magic Scroll Boutique.
 10215 | D:9      | Bought a scroll of enchant weapon for 97 gold pieces
 10215 | D:9      | Bought a scroll of identify for 26 gold pieces
 10215 | D:9      | Bought a scroll of identify for 26 gold pieces
 10215 | D:9      | Bought a scroll of identify for 26 gold pieces
 10215 | D:9      | Bought a scroll of identify for 26 gold pieces
 10308 | D:9      | Noticed an orb spider
 10309 | D:9      | Noticed an orb spider
 10312 | D:9      | Noticed a wolf spider
 10312 | D:9      | Noticed a wolf spider
 10315 | D:9      | Killed a broodmother
 10711 | D:10     | Entered Level 10 of the Dungeon
 10978 | D:10     | Found a staircase to the Lair.
 10986 | D:10     | Found a staircase to the Orcish Mines.
 11344 | Lair:1   | Entered Level 1 of the Lair of Beasts
 11484 | Lair:1   | Reached skill level 14 in Axes
 12891 | D:11     | Noticed a tengu warrior
 12903 | D:11     | Killed a tengu warrior
 12904 | D:11     | Reached skill level 1 in Evocations
 13249 | D:11     | Reached XP level 12. HP: 37/106 MP: 11/11
 13482 | D:11     | Noticed a boulder beetle
 13512 | D:11     | Killed a boulder beetle
 13513 | D:11     | Reached skill level 10 in Fighting
 13814 | Orc:1    | Entered Level 1 of the Orcish Mines
 13842 | Orc:1    | Noticed Fannar
 13869 | Orc:1    | Killed Fannar
 13870 | Orc:1    | Reached skill level 15 in Axes
 14018 | Orc:1    | Found Vooffyr's Assorted Antiques.
 14047 | Orc:1    | Bought the -2 hat of the Alchemist {rElec rPois rF+ rC+ rN+
                  | Will+ rMut rCorr} for 1038 gold pieces
 14047 | Orc:1    | Found the -2 hat of the Alchemist {rElec rPois rF+ rC+ rN+
                  | Will+ rMut rCorr}
 14528 | D:12     | Found Ari Jyvu's Vocational Training.
 14748 | D:12     | Noticed a boulder beetle
 14782 | D:12     | Killed a boulder beetle
 14967 | D:12     | Noticed a two-headed ogre
 14972 | D:12     | Killed a two-headed ogre
 15171 | D:13     | Noticed a centaur warrior
 15172 | D:13     | Noticed a centaur warrior
 15180 | D:13     | Killed a centaur warrior
 15180 | D:13     | Killed a centaur warrior
 15181 | D:13     | Reached skill level 16 in Axes
 15417 | D:13     | Found Sikkoschu's Book Emporium.
 15447 | D:13     | Identified the +11 morningstar of Moderation {freeze,
                  | +Blink Int+2 Dex+3}
 15495 | D:13     | Noticed a two-headed ogre
 15496 | D:13     | Noticed a two-headed ogre
 15498 | D:13     | Noticed a two-headed ogre
 15499 | D:13     | Noticed an ogre mage
 15526 | D:13     | Killed an ogre mage
 15533 | D:13     | Killed a two-headed ogre
 15537 | D:13     | Killed a two-headed ogre
 15544 | D:13     | Killed a two-headed ogre
 15809 | D:13     | Reached XP level 13. HP: 78/116 MP: 12/12
 16106 | D:13     | Found a gate to the Vaults.
 17029 | D:14     | Reached skill level 17 in Axes
 17274 | D:14     | Noticed Jorgrun
 17285 | D:14     | Killed Jorgrun
 17337 | D:14     | Reached skill level 15 in Shields
 18208 | D:15     | Entered Level 15 of the Dungeon
 18214 | D:15     | Reached skill level 1 in Maces & Flails
 18266 | D:15     | Noticed Rupert
 18374 | D:15     | Identified Roxanne's Annotations on Oromancy
 18374 | D:15     | Noticed Roxanne
 18636 | D:15     | Found a staircase to the Depths.
 18673 | D:15     | Reached XP level 14. HP: 92/127 MP: 13/13
 18689 | D:15     | Reached skill level 15 in Armour
 18935 | Depths:1 | Entered Level 1 of the Depths
 18946 | Depths:1 | Reached skill level 5 in Maces & Flails
 18955 | D:15     | Mangled by an ettin

Illustrated notes

Levels and vault maps discovered:
D:1:      shiori_arrival_oz, layout_loops_corners,
          shapermc_ecumenical_altar_mp_ritualfount
D:2:      layout_basic
D:3:      layout_loops_corners, chequers_decorated_corner, grunt_ministairs_3
D:4:      corexii_shantytown, layout_basic, minmay_temple_entry_hall,
          hangedman_decor_growths
D:5:      layout_basic, grunt_qazlal_sundering, serial_shops,
          nicolae_shop_behind_doors, shop, nicolae_diamond_shop,
          kennysheep_mini_moat, kennysheep_generic_room_4
D:6:      layout_rooms, amcnicky_mini_pool_medium, uniq_grinder
D:7:      layout_layer_cave, lemuel_doored_altar, minmay_manual_mess
D:8:      layout_loops_cross, ebering_ghost_xom, amcnicky_mini_pool_small,
          the_hattery, uniq_amaemon, uniq_pikel
D:9:      layout_irregular_city, serial_shops, shop
D:10:     layout_cave_pools, lair_entry_dummy, orc_0_dummy, serial_column_ruins,
          column_ruins_open_medium, column_ruins_grid_3,
          column_ruins_corridor_straight, column_ruins_grid_4,
          column_ruins_corridor_straight, column_ruins_columns_straight
D:11:     layout_small_grid
D:12:     layout_cave_pools, nicolae_shop_vocational
D:13:     layout_loops_ring, hangedman_vaults_entry_quadrant_bands,
          serial_shops, nicolae_diamond_shop, kennysheep_small_circle
D:14:     layout_big_octagon, infiniplex_staircase_river,
          minmay_protected_statue, uniq_jorgrun
D:15:     gammafunk_depths_entry_grave, layout_loops_corners,
          grunt_decor_arrowhead, minivault_5, st_stairs_9, uniq_roxanne,
          uniq_rupert
Temple:   nicolae_temple_bog_church
Lair:1:   layout_roguey
Orc:1:    layout_diamond_mine, basic_altar, serial_shops,
          nicolae_lakefront_shop, uniq_fannar
Depths:1: minmay_split_circle, layout_cave_shapes, enter_ziggurat_d,
          abyss_entry_crystal, pf_hell_entry_tar_river, serial_bayou_lagoon_a

Skill      XL: |  1  2  3  4  5  6  7  8  9 10 11 12 13 14 |
---------------+-------------------------------------------+-----
Shields        | 4 5 7 9 10 11 13 15 | 15.1
Fighting       | 4 5 6 7 8 9 11 12 | 12.7
Armour         | 4 5 6 7 8 10 11 13 14 15 | 15.0
Axes           | 3 4 5 7 9 11 13 14 16 17 | 17.3
Dodging        | 1 2 3 4 |  4.3
Stealth        | 2 3 |  3.6
Evocations     | 1 |  1.0
Maces & Flails | 3 5 |  5.1

Action                     |  1- 3 |  4- 6 |  7- 9 | 10-12 | 13-15 || total
---------------------------+-------+-------+-------+-------+-------++-------
  Melee: War axe           |    81 |   167 |   189 |   542 |   175 ||  1154
         Headbutt          |     5 |    14 |    32 |   106 |    74 ||   231
         Morningstar       |       |       |       |       |   105 ||   105
Ability: Evoke Blink       |       |       |       |       |     1 ||     1
  Evoke: Wand              |       |       |     3 |    16 |       ||    19
    Use: Potion            |       |     1 |     5 |     9 |     7 ||    22
         Scroll            |       |    14 |     8 |    17 |     1 ||    40
   Stab: Distracted        |       |       |     1 |     7 |     3 ||    11
         Paralysed         |       |       |       |     2 |       ||     2
         Invisible         |       |       |       |     1 |       ||     1
 Armour: Scale mail        |    57 |    60 |       |       |       ||   117
         Plate armour      |       |    17 |   133 |    45 |    59 ||   254
         Skin              |       |       |     2 |       |       ||     2
         Chain mail        |       |       |       |   193 |    85 ||   278
  Dodge: Dodged            |    41 |    35 |    30 |   116 |    93 ||   315
  Block: Buckler           |    12 |       |       |       |       ||    12
         Tower shield      |    11 |   102 |   173 |   395 |   278 ||   959

Table legend: (Time is in decaauts)
 A = Elapsed time spent in this place.
 B = Non-inter-level travel time spent in this place.
 C = Inter-level travel time spent in this place.
 D = Time resting spent in this place.
 E = Time spent auto-exploring this place.
 F = Levels seen in this place.
 G = Mean time per level.
                   A        B        C        D        E       F      G
               +--------+--------+--------+--------+--------+-----+--------+
         Total |  19237 |  15190 |   4047 |      0 |  11533 |  19 | 1012.5 |
       Dungeon |  17236 |  13739 |   3497 |      0 |  10456 |  15 | 1149.1 |
        Temple |    227 |    107 |    120 |      0 |     90 |   1 |  227.0 |
          Lair |   1201 |    869 |    332 |      0 |    689 |   1 | 1201.0 |
  Orcish Mines |    552 |    454 |     98 |      0 |    298 |   1 |  552.0 |
        Depths |     18 |     18 |      0 |      0 |      0 |   1 |   18.0 |
               +--------+--------+--------+--------+--------+-----+--------+

Top non-repeatable levels by time:
    D:13: 1798 daAuts
     D:5: 1677 daAuts
     D:8: 1569 daAuts
    D:11: 1263 daAuts
    D:14: 1254 daAuts
     D:9: 1249 daAuts
     D:4: 1220 daAuts
  Lair:1: 1201 daAuts
     D:7: 1188 daAuts
     D:3: 1128 daAuts
     D:2: 1011 daAuts
     D:1: 941 daAuts
     D:6: 756 daAuts
    D:10: 736 daAuts
    D:15: 731 daAuts
